 Dungeon Crawl Stone Soup version 0.20.1-1-g8b1a95d (webtiles) character file.

3396 Mimshu the Cutter (level 9, 0/84 HPs)
             Began as a Troll Fighter on Nov 30, 2017.
             Was a Believer of Yredelemnul.
             Slain by a two-headed ogre
             ... wielding a +0 giant club
              (18 damage)
             ... on level 8 of the Dungeon.
             The game lasted 00:31:09 (8721 turns).

Mimshu the Cutter (Troll Fighter)                   Turns: 8721, Time: 00:31:12

Health: 0/84       AC:  5    Str: 26    XL:     9   Next: 75%
Magic:  17/17      EV:  8    Int:  4    God:    Yredelemnul [**....]
Gold:   327        SH: 10    Dex: 12    Spells: 8/8 levels left

rFire    x . .     SeeInvis .   p - +1 short sword (venom)
rCold    + . .     Gourm    +   c - +1 shield
rNeg     . . .     Faith    .   b - +0 robe
rPois    .         Spirit   .   (helmet restricted)
rElec    .         Reflect  .   (no cloak)
rCorr    .         Harm     .   (gloves unavailable)
MR       .....                  (boots unavailable)
Stlth    +.........             (no amulet)
Regen    0.7/turn               H - ring of magical power
MPRegen  0.2/turn               i - ring of ice

@: heavily drained
A: unfitting armour, claws 3, fast metabolism 3, gourmand, regeneration 1,
shaggy fur 1, tough skin 2
a: Animate Remains, Recall Undead Slaves, Injury Mirror, Renounce Religion


You were on level 8 of the Dungeon.
You worshipped Yredelemnul.
Yredelemnul was pleased with you.
You were not hungry.

You visited 2 branches of the dungeon, and saw 10 of its levels.

You collected 327 gold pieces.

Inventory:

Hand Weapons
 a - a +0 long sword
 m - a +0 short sword of protection
 p - a +1 short sword of venom (weapon)
 v - a cursed -1 dagger
 w - a +2 morningstar
 C - a +0 giant club
 D - a +0 shortbow
 I - a +0 giant spiked club
Missiles
 q - 131 stones (quivered)
 B - 18 poisoned needles
 E - 87 arrows
Armour
 b - a +0 robe (worn)
 c - a +1 shield (worn)
 O - a +2 chain mail of magic resistance
Jewellery
 i - a ring of ice (right claw)
 l - an uncursed amulet of harm
 o - a cursed ring of loudness
 G - an uncursed ring of teleportation
 H - a ring of magical power (left claw)
 P - an uncursed ring of protection from magic
Wands
 t - a wand of confusion (27/48)
Scrolls
 e - 7 scrolls of teleportation
 r - 5 scrolls of recharging
 x - a scroll of fear
 y - a scroll of enchant armour
 J - 5 scrolls of magic mapping {unknown}
 K - 4 scrolls of remove curse
 M - 2 scrolls of blinking
Potions
 d - 3 potions of might
 g - a potion of berserk rage {unknown}
 n - 2 potions of degeneration {unknown}
 s - a potion of cancellation {unknown}
 u - a potion of resistance {unknown}
 z - 4 potions of heal wounds {unknown}
 A - 6 potions of curing {unknown}
 F - a potion of mutation {unknown}
 L - a potion of invisibility {unknown}
 N - a potion of ambrosia {unknown}
Comestibles
 f - 9 bread rations
 h - 8 fruits
 j - 3 meat rations
 k - 2 royal jellies


   Skills:
 + Level 4.2(1.9) Fighting
 * Level 7.9(5.5) Short Blades
 - Level 2.2(3.1) Long Blades
 + Level 5.2(2.8) Dodging
 + Level 2.1(0.0) Stealth
 + Level 5.4(3.0) Shields
 + Level 0.3(0.0) Invocations


You had 8 spell levels left.
You didn't know any spells.

Dungeon Overview and Level Annotations

Branches:
Dungeon (9/15)             Temple (1/1) D:7
   Lair: D:8-11         Orc: D:9-12

Altars:
Ashenzari
Cheibriados
Dithmenos
Elyvilon
Fedhas
Gozag
Hepliaklqana
Kikubaaqudgha
Makhleb
Nemelex Xobeh
Okawaru
Qazlal
Ru
Sif Muna
Uskayaw
Vehumet
Yredelemnul
Zin
The Shining One

Shops:
D:6 =


Innate Abilities, Weirdness & Mutations

You are too large for most types of armour.
You have claws for hands.
Your metabolism is lightning-fast.
You like to eat raw meat.
Your natural rate of healing is unusually fast.
You are covered in fur. (AC +1)
You have very tough skin. (AC +2)


Message History

The worker ant barely misses you.
You kill the worker ant!
Yredelemnul accepts your kill.
You see here a spear.
Things that are here:
a club x2
You see here a throwing net.
There is an open door here.
The two-headed ogre looks more healthy.
You see here a spear.
Things that are here:
a club x2
There is an open door here.
You completely miss the two-headed ogre.
The two-headed ogre is heavily wounded.
The two-headed ogre hits you with a giant club!!
* * * LOW HITPOINT WARNING * * *
The two-headed ogre hits you with a giant spiked club!!
You die...
Your body rises from the dead as a mindless zombie.

#.#.........#.#§#.#.#
#########.##.######.#.#§#§#.#
#.........##.# #(.#.#§#§#.#
#..<..[#####.# #)##.#.#.#.#
#......### #.# #)##.#.#.#.#
#...(....# #.# #.##.#.#.#.#
####.....# #.# #.##.#.#.#.#
#.....###O#####.##.#§#§#.#
#.........@.....##.#§#$#.#
#....[..........##.8.#$#.#
##.................'.#$#.##
###............###8.#$#...
#............# #########
####### #............#
######### ......#
#............# #. ......#
#............# #.
......####............### #.


You could see a two-headed ogre.

Vanquished Creatures
  2 two-headed ogres
  A hippogriff (D:8)
  3 yaks (D:7)
  A sky beast (D:5)
  2 ogres
  A centaur (D:5)
  3 scorpions
  A killer bee (D:6)
  3 wights (D:8)
  2 crimson imps
  A centaur skeleton (D:4)
  A centaur zombie (D:6)
  5 hounds
  2 bullfrog skeletons (D:6)
  5 orc wizards
  8 worker ants
  3 gnolls (D:8)
  A howler monkey skeleton (D:8)
  4 adders
  A shadow imp (D:8)
  An ooze (D:1)
  2 worms (D:5)
  A dart slug (D:1)
  10 leopard geckos
  20 orcs
  A ball python (D:2)
  A bat zombie (D:3)
  7 giant cockroaches
  7 goblins
  4 hobgoblins
  7 jackals
  6 kobolds
  3 quokkas
  2 bats (D:3)
  6 frilled lizards
  A jackal zombie (D:7)
  8 rats
  3 rat zombies (D:3)
140 creatures vanquished.

Vanquished Creatures (collateral kills)
  A jackal (D:4)
  A quokka (D:5)
2 creatures vanquished.

Vanquished Creatures (others)
  An orc wizard (D:3)
  An adder skeleton (D:8)
2 creatures vanquished.

Grand Total: 144 creatures vanquished

Notes
Turn   | Place    | Note
-------+----------+-------------------------------------------
     0 | D:1      | Mimshu the Troll Fighter began the quest for the Orb.
     0 | D:1      | Reached XP level 1. HP: 22/22 MP: 0/0
   128 | D:1      | Reached XP level 2. HP: 28/29 MP: 1/1
   546 | D:1      | Reached XP level 3. HP: 36/36 MP: 2/2
  1192 | D:2      | Found a basalt altar of Yredelemnul.
  1208 | D:2      | Found a hide-covered altar of Uskayaw.
  1241 | D:2      | Became a worshipper of Yredelemnul the Dark
  1376 | D:3      | Reached XP level 4. HP: 33/44 MP: 3/3
  1389 | D:2      | Reached skill level 1 in Short Blades
  2077 | D:3      | Found a hazy altar of Hepliaklqana.
  2144 | D:3      | Found an ancient bone altar of Kikubaaqudgha.
  2519 | D:4      | Reached XP level 5. HP: 45/50 MP: 4/4
  2627 | D:4      | Reached * piety under Yredelemnul
  2627 | D:4      | Reached skill level 2 in Short Blades
  3402 | D:4      | Reached XP level 6. HP: 59/59 MP: 5/5
  3720 | D:4      | Reached skill level 3 in Short Blades
  4023 | D:5      | Entered Level 5 of the Dungeon
  4253 | D:5      | Noticed a sky beast
  4279 | D:5      | Killed a sky beast
  4368 | D:5      | Reached XP level 7. HP: 36/67 MP: 6/6
  4460 | D:5      | Reached skill level 1 in Stealth
  4824 | D:6      | Reached skill level 4 in Short Blades
  5280 | D:6      | Found Zeaha's Jewellery Emporium.
  6011 | D:7      | Reached ** piety under Yredelemnul
  6011 | D:7      | Reached XP level 8. HP: 72/75 MP: 7/7
  6114 | D:7      | Noticed a two-headed ogre
  6136 | D:7      | Killed a two-headed ogre
  6136 | D:7      | Reached skill level 5 in Short Blades
  6281 | D:7      | Found a staircase to the Ecumenical Temple.
  6295 | D:7      | Reached skill level 6 in Short Blades
  6324 | Temple   | Entered the Ecumenical Temple
  6698 | D:7      | Reached XP level 9. HP: 22/83 MP: 8/8
  6707 | D:7      | Reached skill level 5 in Shields
  6997 | D:7      | Reached skill level 5 in Dodging
  7502 | D:8      | Noticed a two-headed ogre
  7668 | D:8      | Killed a two-headed ogre
  7668 | D:8      | Reached skill level 7 in Short Blades
  7815 | D:8      | Found an opulent altar of Gozag.
  8404 | D:8      | HP: 4/84 [wight/battleaxe (3)]
  8592 | D:9      | Noticed a two-headed ogre
  8721 | D:8      | Slain by a two-headed ogre

Skill      XL: |  1  2  3  4  5  6  7  8  9 |
---------------+----------------------------+-----
Long Blades    | 2 |  2.2
Short Blades   | 1 2 3 4 6 7 |  7.9
Dodging        | 3 4 5 |  5.2
Shields        | 3 4 5 |  5.4
Fighting       | 3 4 |  4.2
Stealth        | 1 2 |  2.1
Invocations    | |  0.3

Action                   |  1- 3 |  4- 6 |  7- 9 || total
-------------------------+-------+-------+-------++-------
Melee: Long sword        |    75 |       |       ||    75
       Short sword       |    49 |   140 |   291 ||   480
Throw: Stone             |     3 |       |     8 ||    11
Invok: Animate Remains   |       |     1 |     1 ||     2
  Use: Scroll            |     5 |     3 |     7 ||    15
 Stab: Sleeping          |     2 |     1 |     4 ||     7
  Eat: Chunk             |    18 |    19 |    37 ||    74
       Meat ration       |       |     1 |       ||     1
Armor: Robe              |    34 |    40 |    47 ||   121
Dodge: Dodged            |    43 |    58 |   110 ||   211
Block: Shield            |    67 |    77 |   140 ||   284
       Rpst.: Long sword |     7 |       |       ||     7
